Map: [ESL] Babylon

Players

DRG - Winner!

  • Race: Zerg Zerg

Serral

  • Race: Zerg Zerg

Event: IEM Katowice 2023

VOD

Have the link to the VOD?

Description

Time

  • Played on: Feb. 9, 2023, 11:10 a.m.
  • Length: 22:28

All games in this series

Show
View Real Time Build Order
Export as new Build Order

DRG Zerg - Winner!

Build Orders: Hatch First 

Get SALT Encoding   

  12  0:00  Drone  
  13  0:11  Overlord  
  13  0:16  Drone  
  14  0:30  Drone x2  
  16  0:48  Hatchery  
  15  0:51  Drone  
  15  0:55  Drone  
  17  0:58  Drone  
  18  1:08  Extractor  
  17  1:13  Spawning Pool  
  17  1:17  Drone  
  17  1:20  Drone  
  18  1:27  Drone  
  19  1:38  Drone  
  20  1:49  Drone  
  21  2:00  Queen x2  
  21  2:01  Overlord, Zergling x2  
  26  2:11  Drone x2  
  26  2:12  Metabolic Boost  
  28  2:22  Drone x2  
  30  2:31  Drone  
  30  2:32  Drone  
  30  2:36  Queen  
  34  2:38  Queen  
  34  2:43  Overlord  
  36  2:48  Overlord  
  36  2:57  Evolution Chamber  
  35  2:58  Drone  
  35  3:03  Drone  
  37  3:05  Drone x2  
  37  3:08  Drone x3  
  37  3:11  Drone  
  43  3:18  Drone x3  
  47  3:20  Drone  
  47  3:25  Zerg Ground Armor Level 1  
  47  3:36  Zergling x4  
  47  3:40  Extractor  
  47  3:41  Roach Warren, Zergling x4  
  48  3:46  Drone  
  48  3:47  Drone x2  
  52  3:49  Overlord  
  52  4:04  Hatchery  
  52  4:09  Zergling x8  
  55  4:20  Roach  
  55  4:21  Roach  
  55  4:22  Overlord  
  60  4:32  Hatchery  
  60  4:36  Overlord  
  59  4:41  Roach x4  
  59  4:43  Overlord  
  67  4:58  Roach x4  
  73  5:07  Overlord  
  73  5:11  Overlord  
  72  5:16  Drone  
  72  5:17  Lair  
  72  5:19  Zerg Missile Weapons Level 1  
  72  5:20  Extractor  
  72  5:21  Drone x3  
  75  5:27  Drone x2  
  77  5:36  Overlord  
  77  5:39  Drone  
  78  5:46  Drone x5  
  85  5:50  Extractor, Roach x4  
  90  5:58  Roach x2  
  90  5:59  Overlord  
  94  6:09  Roach x2  
  98  6:14  Overlord  
  98  6:16  Glial Reconstitution  
  98  6:17  Drone  
  99  6:19  Evolution Chamber  
  99  6:22  Drone x6  
  103  6:27  Roach x3  
  103  6:29  Overseer  
  109  6:36  Overlord  
  110  6:40  Drone x2  
  110  6:45  Zerg Ground Armor Level 2  
  111  6:48  Roach x6  
  111  6:49  Extractor  
  111  6:50  Drone x2  
  124  6:58  Drone  
  124  6:59  Drone x3  
  128  7:01  Extractor, Ravager x2  
  128  7:05  Hatchery  
  128  7:07  Roach x2  
  132  7:15  Overlord  
  132  7:16  Overlord  
  132  7:18  Zerg Missile Weapons Level 2  
  132  7:20  Overlord  
  132  7:24  Overlord  
  132  7:28  Roach x2  
  132  7:29  Overlord x3  
  136  7:32  Drone  
  136  7:35  Drone x4  
  141  7:38  Overseer  
  141  7:40  Tunneling Claws  
  141  7:41  Burrow  
  141  7:46  Roach x3, Overseer  
  141  7:50  Roach x2  
  151  7:57  Roach x2  
  151  7:58  Roach x2  
  159  8:02  Roach x2  
  159  8:03  Ravager  
  164  8:08  Overlord  
  164  8:09  Roach x3  
  170  8:14  Roach x2  
  174  8:20  Roach x3  
  174  8:22  Ravager x2  
  174  8:26  Roach x2  
  186  8:30  Roach x3  
  192  8:50  Roach x2  
  192  8:51  Roach  
  198  9:00  Roach x5  
  186  9:04  Roach x11  
  172  9:10  Roach x3  
  172  9:12  Roach x2  
  153  9:19  Roach x3  
  153  9:22  Overseer  
  139  9:25  Roach x3  
  137  9:33  Roach x4  
  137  9:37  Ravager x2  
  143  9:40  Roach x2  
  143  9:42  Drone x2  
  147  9:47  Pneumatized Carapace  
  147  9:53  Roach x3  
  147  9:59  Ravager  
  152  10:08  Roach x5  
  152  10:13  Roach x4  
  168  10:17  Roach x2  
  168  10:18  Roach  
  168  10:19  Roach x3  
  174  10:24  Roach x3  
  180  10:29  Roach x18  
  180  10:30  Spine Crawler  
  180  10:31  Spine Crawler  
  178  10:39  Roach x8  
  194  10:45  Ravager  
  194  10:47  Roach  
  197  10:53  Extractor  
  192  11:02  Roach x7  
  148  11:11  Roach x6  
  148  11:19  Drone x2  
  148  11:21  Spine Crawler  
  148  11:22  Queen  
  148  11:24  Ravager x3  
  154  11:27  Drone x4, Roach  
  156  11:36  Roach x5, Ravager  
  156  11:37  Roach x4, Ravager  
  156  11:38  Drone x2  
  156  11:39  Drone, Overseer  
  161  11:42  Spine Crawler, Overseer  
  161  11:45  Ravager x2  
  162  11:54  Roach x5  
  172  12:05  Roach  
  172  12:06  Roach x4  
  182  12:10  Queen  
  180  12:15  Roach x7  
  180  12:19  Drone x19, Roach x5  
  176  12:26  Roach x3  
  182  12:36  Roach x2  
  186  12:39  Ravager  
  186  12:41  Roach x2  
  189  12:46  Roach x3  
  189  12:50  Roach x3  
  173  12:55  Roach  
  173  12:56  Roach x6  
  173  12:59  Roach  
  173  13:00  Roach  
  173  13:01  Roach x2  
  163  13:05  Roach x15  
  163  13:11  Roach  
  163  13:12  Roach x4  
  165  13:21  Roach x4  
  173  13:28  Ravager  
  173  13:29  Ravager x2  
  173  13:30  Ravager x4  
  173  13:32  Overseer  
  180  13:36  Spine Crawler  
  180  13:38  Roach x4  
  180  13:39  Roach  
  187  13:43  Roach x2  
  186  13:53  Roach x4  
  182  14:05  Drone x17  
  182  14:08  Roach x4  
  188  14:15  Roach  
  188  14:16  Roach  
  185  14:24  Overseer  
  185  14:26  Ravager x2  
  185  14:32  Roach x5  
  185  14:38  Roach x2  
  199  14:41  Overseer  
  199  14:48  Ravager  
  200  15:07  Drone x18  
  197  15:21  Spine Crawler  
  197  15:23  Overlord x2  
  197  15:26  Hydralisk Den  
  195  15:28  Overlord  
  195  15:34  Overlord  
  195  15:35  Overlord  
  195  15:43  Extractor  
  181  16:00  Roach x8  
  181  16:02  Grooved Spines  
  189  16:05  Infestation Pit, Hydralisk x6  
  196  16:24  Roach x5  
  197  16:29  Hydralisk x5  
  198  16:37  Hydralisk x2  
  192  16:41  Hive  
  192  16:44  Ravager  
  192  16:45  Ravager  
  194  16:47  Roach x3  
  194  16:53  Overlord  
  200  17:05  Roach x2  
  200  17:14  Muscular Augments  
  178  17:18  Roach x9  
  185  17:26  Roach  
  185  17:27  Roach x2  
  189  17:33  Roach x3  
  189  17:36  Roach x12  
  193  17:37  Roach  
  199  17:44  Roach x2  
  197  18:03  Zerg Missile Weapons Level 3  
  197  18:05  Zerg Ground Armor Level 3  
  193  18:11  Roach x5  
  192  18:23  Ravager x11  
  199  18:37  Roach  
  170  18:58  Viper  
  170  18:59  Viper  
  138  19:12  Roach x3  
  138  19:13  Hydralisk x9  
  127  19:22  Roach x6  
  135  19:28  Roach  
  137  19:36  Roach x3  
  141  20:07  Ravager  
  141  20:08  Ravager x5  
  141  20:09  Hatchery  
  144  20:14  Roach  
  144  20:15  Roach x3  
  144  20:20  Roach  
  150  20:25  Roach x2  
  154  20:30  Roach  
  156  20:37  Roach x3  
  162  20:43  Roach  
  162  20:46  Roach  
  166  20:52  Roach x2  
  176  21:04  Roach x3  
  176  21:24  Roach x5  
  186  21:33  Hydralisk  
  186  21:34  Hydralisk  
  190  21:44  Hydralisk x2  
  194  21:57  Overseer x2  
  194  21:59  Overseer  
  194  22:06  Extractor  
  180  22:13  Overseer  
Show
View Real Time Build Order
Export as new Build Order

Serral Zerg 

Build Orders: Pool First 

Get SALT Encoding   

  12  0:00  Drone  
  13  0:12  Overlord  
  13  0:17  Drone  
  14  0:30  Drone x2  
  16  0:37  Drone  
  17  0:44  Spawning Pool  
  17  0:47  Drone  
  17  1:08  Hatchery  
  17  1:11  Drone  
  17  1:12  Extractor  
  17  1:16  Drone  
  17  1:29  Drone  
  17  1:31  Queen  
  17  1:32  Zergling x2  
  21  1:39  Overlord  
  21  1:49  Drone  
  22  2:00  Drone  
  23  2:06  Queen  
  25  2:10  Drone  
  25  2:14  Metabolic Boost  
  26  2:20  Drone, Queen  
  29  2:24  Drone  
  30  2:31  Drone  
  30  2:32  Drone  
  32  2:37  Overlord  
  32  2:38  Drone  
  32  2:39  Drone  
  32  2:42  Drone  
  35  2:45  Drone  
  36  2:52  Overlord  
  36  3:03  Zergling x2  
  36  3:04  Zergling x2  
  38  3:08  Evolution Chamber  
  38  3:11  Zergling x6  
  40  3:14  Drone  
  40  3:15  Drone x3  
  43  3:20  Drone x2  
  45  3:31  Hatchery  
  44  3:34  Zerg Missile Weapons Level 1  
  44  3:43  Roach Warren  
  44  3:45  Zergling x4  
  44  3:47  Drone x2  
  44  3:48  Extractor  
  46  3:49  Drone  
  46  3:52  Drone x2  
  46  3:55  Overlord  
  48  3:59  Zergling x2  
  48  4:00  Drone  
  50  4:04  Overlord  
  50  4:10  Zergling x2  
  50  4:16  Extractor  
  50  4:17  Overlord  
  50  4:18  Drone x4  
  54  4:29  Roach x2  
  54  4:30  Roach x2  
  60  4:35  Drone  
  60  4:36  Lair  
  63  4:38  Roach  
  63  4:42  Overlord  
  63  4:49  Roach  
  64  4:58  Roach x4  
  71  5:00  Drone x2  
  71  5:01  Drone x2  
  71  5:06  Roach  
  77  5:15  Drone  
  77  5:18  Roach x4  
  86  5:23  Overlord  
  86  5:31  Overlord  
  86  5:32  Overlord, Roach  
  86  5:34  Glial Reconstitution, Zerg Missile Weapons Level 2  
  88  5:41  Roach x2  
  92  5:44  Overlord  
  92  5:48  Overlord x2  
  92  5:50  Roach  
  92  5:51  Roach  
  96  5:58  Roach x3  
  96  6:01  Overlord  
  96  6:02  Overlord  
  96  6:03  Overlord  
  102  6:08  Overlord  
  102  6:09  Drone  
  102  6:10  Drone x2  
  105  6:13  Roach  
  107  6:22  Roach x3  
  107  6:23  Overseer  
  113  6:25  Ravager  
  114  6:33  Overlord  
  113  6:41  Drone x4  
  113  6:43  Drone x3  
  113  6:46  Extractor, Overlord  
  118  6:47  Roach x2  
  118  6:48  Roach x3  
  128  7:00  Overlord  
  128  7:01  Roach x4  
  134  7:02  Roach x2  
  134  7:04  Overlord  
  134  7:06  Overseer  
  140  7:12  Drone x3  
  140  7:13  Drone x2  
  145  7:17  Extractor x2  
  145  7:18  Drone x3  
  146  7:23  Burrow  
  146  7:26  Overlord  
  146  7:31  Tunneling Claws  
  146  7:32  Drone  
  146  7:34  Drone x2  
  146  7:36  Roach x2  
  153  7:40  Overlord  
  155  7:44  Roach x4  
  161  7:55  Overlord  
  161  7:56  Overlord x2, Hatchery  
  160  7:59  Zerg Ground Armor Level 1  
  166  8:05  Roach x3  
  166  8:10  Overseer  
  166  8:12  Roach x3  
  172  8:18  Roach x3, Overseer  
  172  8:19  Overseer  
  178  8:22  Drone  
  179  8:27  Roach x4  
  179  8:28  Ravager  
  188  8:35  Roach x4  
  188  8:40  Ravager  
  197  8:47  Ravager  
  198  8:49  Roach  
  200  9:00  Roach x7  
  200  9:01  Roach x3  
  194  9:03  Drone x14  
  194  9:05  Roach  
  194  9:06  Roach x5  
  194  9:08  Roach x3  
  164  9:13  Roach x4  
  164  9:15  Roach x3  
  144  9:20  Roach x3  
  144  9:21  Roach x3  
  137  9:26  Roach x3  
  141  9:33  Roach x2  
  141  9:36  Drone x12  
  144  9:41  Roach x4  
  144  9:43  Roach  
  152  9:47  Roach x3  
  158  9:54  Roach x3  
  158  9:59  Roach x2  
  164  10:04  Roach x2  
  164  10:05  Roach  
  170  10:13  Roach  
  170  10:14  Roach x3  
  178  10:19  Queen  
  178  10:23  Ravager  
  178  10:26  Roach x4  
  185  10:32  Drone x3  
  185  10:35  Roach  
  190  10:40  Roach x2  
  190  10:41  Roach x3  
  190  10:42  Roach x2  
  196  10:44  Overseer  
  196  10:45  Ravager  
  196  10:49  Roach x2  
  197  10:50  Roach  
  197  10:55  Roach x2  
  195  10:57  Roach x3  
  195  11:04  Roach x6  
  189  11:07  Roach x3  
  189  11:09  Roach x3  
  163  11:13  Roach x18  
  163  11:14  Roach  
  163  11:19  Roach x5  
  163  11:22  Roach x10  
  173  11:29  Roach x5  
  181  11:36  Roach x3  
  183  11:41  Roach x3  
  183  11:47  Roach x5  
  193  11:57  Roach x3, Queen x2  
  199  12:03  Roach x4  
  199  12:04  Roach x4  
  199  12:06  Roach  
  199  12:10  Drone x20  
  199  12:11  Roach x4  
  193  12:25  Hydralisk Den  
  193  12:29  Roach x6  
  200  12:35  Roach x4  
  200  12:43  Roach x3  
  200  12:50  Roach x6  
  196  12:55  Queen  
  196  12:57  Roach x2  
  182  13:01  Roach x2  
  170  13:07  Drone x5, Pneumatized Carapace  
  170  13:08  Drone x6  
  170  13:09  Overseer  
  162  13:18  Roach x5  
  172  13:24  Extractor  
  172  13:25  Extractor  
  170  13:30  Roach x5  
  170  13:31  Roach x8  
  170  13:38  Roach x3  
  176  13:44  Hatchery  
  176  13:45  Roach x2  
  179  13:58  Roach  
  179  14:00  Roach x4  
  179  14:01  Roach x5  
  187  14:08  Roach  
  179  14:13  Roach x4, Ravager x3  
  188  14:18  Ravager  
  188  14:21  Roach x3  
  195  14:31  Roach x3  
  199  14:36  Ravager  
  196  14:40  Roach x3  
  196  14:45  Grooved Spines  
  200  14:48  Roach x6  
  196  15:13  Roach x10  
  196  15:18  Hydralisk x2  
  200  15:21  Zerg Ground Armor Level 2  
  198  15:36  Overseer  
  198  15:45  Spire  
  193  15:55  Hydralisk x5  
  193  15:56  Muscular Augments  
  197  16:00  Roach  
  199  16:14  Extractor  
  199  16:15  Extractor  
  193  16:20  Roach x5  
  193  16:24  Roach x3  
  197  16:27  Roach x14  
  197  16:29  Roach x23  
  197  16:30  Roach  
  197  16:31  Roach x4  
  193  17:13  Hydralisk  
  193  17:14  Hydralisk x9  
  199  17:20  Roach x17  
  189  17:24  Infestation Pit  
  189  17:26  Lurker Den  
  189  17:29  Roach  
  195  17:30  Roach x9  
  189  17:37  Roach x10  
  189  17:38  Roach x4  
  195  17:44  Overlord  
  195  17:50  Overlord  
  195  17:55  Overlord  
  193  18:02  Hive  
  193  18:17  Hydralisk x3  
  199  18:22  Ravager  
  199  18:24  Overseer  
  198  18:28  Lurker  
  199  18:39  Lurker  
  199  18:40  Hydralisk x3  
  186  18:52  Roach  
  186  18:53  Roach x6  
  182  18:59  Overseer  
  175  19:07  Roach x5  
  144  19:19  Seismic Spines  
  144  19:30  Lurker x4  
  148  19:34  Drone x3, Overseer  
  145  19:49  Roach x5  
  153  20:04  Hatchery  
  150  20:07  Hydralisk Den  
  150  20:13  Viper  
  152  20:16  Viper  
  155  20:28  Drone  
  156  20:32  Roach x6  
  156  20:42  Hydralisk x4  
  156  20:47  Viper  
  167  20:56  Hydralisk  
  169  21:10  Extractor, Overlord  
  169  21:11  Overlord  
  166  21:24  Drone  
  166  21:25  Drone x2  
  165  21:29  Viper  
  162  21:36  Roach  
  162  21:41  Hydralisk  
  162  21:46  Hydralisk  
  164  21:47  Hydralisk  
  168  21:57  Hydralisk x2  
  172  22:06  Roach x3  

Tags
 
Add a new tag
Caveats
  • Supply blocks, unpowered buildings, or Contaminate may cause inaccurate times.
  • Supply counts are checked every 10 seconds.